 Dungeon Crawl Stone Soup version 0.26.0-16-gc1dbca0489 (webtiles) character file.

Game seed: 13094556249435343974

153681 EnegeticOcto the Marksvine stalker (level 17, 0/136 HPs)
             Began as a Vine Stalker Arcane Marksman on Jan 19, 2021.
             Was the Champion of Makhleb.
             Succumbed to a naga mage's bolt of poison
             ... on level 3 of the Snake Pit.
             The game lasted 00:31:45 (25756 turns).

EnegeticOcto the Marksvine stalker (VSAM)          Turns: 25756, Time: 00:31:45

Health: 0/136      AC: 28    Str: 20    XL:     17   Next: 61%
Magic:  19/24      EV:  2    Int: 17    God:    Makhleb [******]
Gold:   2424       SH:  0    Dex: 15    Spells: 18/18 levels left

rFire    . . .     SeeInvis .   F - +8 longbow (venom)
rCold    . . .     Faith    .   (shield currently unavailable)
rNeg     + + +     Spirit   +   (armour currently unavailable)
rPois    +         Reflect  +   (helmet currently unavailable)
rElec    +         Harm     .   (cloak currently unavailable)
rCorr    .         Rampage  .   (gloves currently unavailable)
Will     ++...     Rnd*Rage +   (boots currently unavailable) Stlth +.........NoTele +
                                R - amulet of Kog Luif {Reflect rElec Will- Int+4 SH+5}
HPRegen  1.12/turn              r - ring of willpower
MPRegen  0.19/turn              E - +4 ring of evasion

@: confused, lethally poisoned (0 -> -17), tree-form, studying Dodging
A: berserk 1, regeneration 2, magic shield, no potion heal 3
a: Renounce Religion, Minor Destruction, Lesser Servant of Makhleb, Major
Destruction, Greater Servant of Makhleb


You were on level 3 of the Snake Pit.
You worshipped Makhleb.
Makhleb was exalted by your worship.
You were a tree.
You visited 4 branches of the dungeon, and saw 26 of its levels.
You also visited: Bailey.

You collected 4124 gold pieces.
You spent 1700 gold pieces at shops.

Inventory:

Hand Weapons
 s - a +4 quarterstaff of draining
   (You took it off Crazy Yiuf on level 2 of the Dungeon)
 z - a +1 dagger of distortion
   (You found it on level 11 of the Dungeon)
 F - a +8 longbow of venom (weapon)
   (You took it off a centaur warrior on level 13 of the Dungeon)
Missiles
 l - 2 throwing nets {!f}
 u - 729 arrows (quivered ammo)
 I - 10 curare-tipped darts
Armour
 d - the +0 pair of gloves of Idwixtec (melded) {Rampage Int+6}
   (You bought it in a shop on level 11 of the Dungeon)

   It affects your intelligence (+6).
   It bestows one free step when moving towards enemies.
 g - a +2 pair of boots of flying (melded)
   (You bought it in a shop on level 11 of the Dungeon)
 A - a scarf of repulsion (melded)
   (You found it on level 4 of the Lair of Beasts)
 V - a +2 helmet (melded)
   (You found it on level 13 of the Dungeon)
 Y - a +1 plate armour of willpower
   (You took it off an orc warlord on level 1 of the Orcish Mines)
 Z - the +4 chain mail of Qoleobo (melded) {Dex+2}
   (You bought it in a shop on level 2 of the Orcish Mines)

   It affects your dexterity (+2).
Jewellery
 a - an uncursed ring of protection from cold
   (You found it on level 6 of the Lair of Beasts)
 j - an uncursed amulet of reflection
   (You found it on level 1 of the Dungeon)
 r - a ring of willpower (left branch)
   (You bought it in a shop on level 11 of the Dungeon)
 E - a +4 ring of evasion (right branch)
   (You found it on level 4 of the Dungeon)
 O - an uncursed ring of resist corrosion
   (You found it on level 10 of the Dungeon)
 R - the amulet of Kog Luif (around neck) {Reflect rElec Will- Int+4 SH+5}
   (You found it on level 12 of the Dungeon)

   [amulet of reflection]

   It shields you and reflects attacks.
   It affects your intelligence (+4).
   It insulates you from electricity.
   It affects your willpower, your defense against some magical effects.
   It affects your SH (+5).
 U - an uncursed ring of see invisible
   (You found it on level 15 of the Dungeon)
Wands
 c - a wand of paralysis (27)
   (You found it on level 2 of the Dungeon)
 e - a wand of polymorph (9)
   (You took it off Grinder on level 6 of the Dungeon)
 q - a wand of iceblast (12) {@v2}
   (You found it on level 14 of the Dungeon)
 x - a wand of flame (63) {@v4}
   (You found it on level 6 of the Dungeon)
 y - a wand of digging (5) {@v3}
   (You found it on level 11 of the Dungeon)
 C - a wand of enslavement (7)
   (You took it off Erica on level 14 of the Dungeon)
 W - a wand of disintegration (54)
   (You found it on level 1 of the Snake Pit)
 X - a wand of acid (15) {@v1}
   (You found it on level 9 of the Dungeon)
Scrolls
 m - 7 scrolls of fog {!r}
 v - 13 scrolls of remove curse {@r2}
 w - 5 scrolls of magic mapping {@r5 !r}
 B - 2 scrolls of blinking {@r4}
 D - 7 scrolls of teleportation {@r3 !r}
 J - a scroll of fear {!r}
 M - 2 scrolls of identify {@r1}
 S - 7 scrolls of immolation
Potions
 b - 2 potions of attraction
 f - 5 potions of berserk rage
 h - 11 potions of haste {@q4 !q}
 i - 2 potions of magic
 k - 3 potions of invisibility
 n - 4 potions of cancellation
 o - 9 potions of lignification {@q6}
 p - 12 potions of might {@q3 !q}
 G - 2 potions of ambrosia
 H - 2 potions of resistance
 P - 2 potions of mutation
Books
 L - a manual of Dodging
   (You acquired it on level 2 of the Orcish Mines)
Miscellaneous
 t - a phantom mirror
   (You found it on level 5 of the Lair of Beasts)
 N - a condenser vane (inert)
   (You found it in a bailey)
 Q - a phial of floods
   (You found it on level 12 of the Dungeon)
 T - a tin of tremorstones (inert)
   (You found it on level 12 of the Dungeon)


   Skills:
 - Level 11.5 Fighting
 - Level 1.0 Short Blades
 - Level 14.0 Staves
 - Level 1.7 Slings
 + Level 16.2 Bows
 - Level 9.7 Armour
 - Level 9.8 Dodging
 - Level 1.1 Spellcasting
 - Level 3.0 Hexes
 - Level 8.0 Invocations
 - Level 5.0 Evocations


You had 18 spell levels left.
You didn't know any spells.
Your spell library contained the following spells:

 Spells                   Type           Power        Failure   Level
 Corona                   Hex            12%          6%          1
 Slow                     Hex            11%          10%         2
 Beastly Appendage        Tmut           0%           22%         1
 Freeze                   Ice            0%           22%         1
 Magic Dart               Conj           0%           22%         1
 Poisonous Vapours        Pois/Air       0%           32%         2
 Searing Ray              Conj           0%           32%         2
 Wereblood                Tmut           0%           32%         2
 Dazzling Flash           Conj/Hex       12%          34%         3
 Inner Flame              Hex/Fire       6%           34%         3
 Portal Projectile        Hex/Tloc       12%          34%         3
 Cause Fear               Hex            5%           52%         4
 Conjure Flame            Conj/Fire      0%           54%         3
 Frozen Ramparts          Ice            0%           54%         3
 Mephitic Cloud           Conj/Pois/Air  0%           54%         3
 Ozocubu's Armour         Ice            0%           54%         3
 Spider Form              Tmut/Pois      0%           54%         3
 Fulminant Prism          Conj/Hex       3%           75%         4
 Leda's Liquefaction      Hex/Erth       3%           75%         4
 Hailstorm                Conj/Ice       0%           91%         4
 Ice Form                 Ice/Tmut       0%           91%         4
 Iskenderun's Mystic Bla  Conj/Tloc      0%           91%         4
 Summon Ice Beast         Ice/Summ       0%           91%         4
 Blade Hands              Tmut           0%           99%         5
 Bolt of Magma            Conj/Fire/Erth 0%           99%         5
 Freezing Cloud           Conj/Ice/Air   0%           100%        6
 Iron Shot                Conj/Erth      0%           100%        6
 Statue Form              Tmut/Erth      0%           100%        6
 Shatter                  Erth           0%           100%        9


Dungeon Overview and Level Annotations

Branches:
Dungeon (15/15)            Temple (0/1) D:4            Lair (6/6) D:11
  Swamp (0/4) Lair:2        Snake (3/4) Lair:3        Slime (0/5) Lair:6
    Orc (2/2) D:9             Elf (0/3) Orc:2        Vaults (0/5) D:13
 Depths (0/5) D:15         Bailey (visited)

Altars:
Ashenzari
Dithmenos
Elyvilon
Hepliaklqana
Kikubaaqudgha
Makhleb
Nemelex Xobeh
Ru
Trog
Xom
Yredelemnul
Zin
The Shining One
Beogh
Jiyva

Shops:
D:11 **   D:12 *!   Orc:2 [}?*!

Portals:
Pandemonium: Orc:2

Annotations:
D:3 2 transporters, iamserjio's ghost, weakling GnVM
Lair:1 exclusion: oklob plant
Lair:2 exclusion: 3 oklob plants
Lair:6 exclusion: oklob plant


Innate Abilities, Weirdness & Mutations

((You have razor-sharp teeth.))
You heal very quickly.
When hurt, damage is shared between your health and your magic reserves.
((Your bite disrupts and absorbs the magic of your enemies.))
Potions cannot restore your health.
((You have sharp fingernails.))
((You have large cloven feet.))
You tend to lose your temper in combat.


Message History

The burst of rock shards engulfs the naga!
The burst of rock shards engulfs the naga!!
The burst of rock shards engulfs the naga ritualist!!
The burst of rock shards engulfs the naga ritualist!
The burst of rock shards engulfs the naga!!
You kill the naga!
Makhleb accepts your kill.
The burst of rock shards engulfs the naga!
You kill the naga!
Makhleb accepts your kill.
The burst of rock shards engulfs the naga mage!
You feel sick. The naga mage casts a spell at you. The bolt of poison hits you!
You are more poisoned.
The naga warrior spits poison at you.
The splash of poison hits you but does no damage.
You are more poisoned.
Evoke which item? (* to show all) (? for menu, Esc to quit)
The tremorstone explodes into fragments!
The burst of rock shards engulfs the naga ritualist!!
The burst of rock shards engulfs the naga mage.
The burst of rock shards engulfs the naga mage!
The burst of rock shards engulfs the nagaraja.
The burst of rock shards engulfs the naga ritualist!
The tin is emptied!
You feel very sick. The naga warrior closely misses you.
Evoke which item? (* to show all) (? for menu, Esc to quit)
Okay, then.
Fire: 733 arrows
Press: ? - help, Q - select action, (/) - cycle Shift-Dir - straight line, f - naga mage, p - naga warrior
Aim: a naga mage, wielding a +0 flail (severely wounded)
You shoot an arrow. The arrow hits the naga ritualist!
You kill the naga ritualist!
Makhleb accepts your kill.
You feel better.
You feel sick. The naga warrior misses you.
The naga mage mumbles some strange words.
The naga mage seems to speed up.
Really read
D - 8 scrolls of teleportation {@r3 !r}?
As you read the scroll of teleportation {@r3 !r}, it crumbles to dust.
You feel strangely unstable.
You feel very sick. The naga warrior completely misses you.
Fire: 732 arrows
Press: ? - help, Q - select action, (/) - cycle Shift-Dir - straight line, f/p - naga mage
Aim: a naga mage, wielding a +0 flail (severely wounded, fast)
You shoot an arrow. The arrow hits the naga mage!
The naga mage is almost dead.
You feel very sick. The naga mage spits poison at you.
The splash of poison hits you.
You are more poisoned.
* * * LOW HITPOINT WARNING * * *
The nagaraja drinks a potion.
The nagaraja seems to speed up.
Fire: 731 arrows
Press: ? - help, Q - select action, (/) - cycle Shift-Dir - straight line, f/p - naga mage
Aim: a naga mage, wielding a +0 flail (almost dead, fast, catching its breath)
You shoot an arrow. The arrow barely misses the naga mage.
The arrow hits the nagaraja!
The nagaraja is lightly wounded.
You feel sick. The naga warrior spits poison at you.
The splash of poison hits you.
You are more poisoned.
* * * LOW HITPOINT WARNING * * *
The naga mage points at you and mumbles some strange words.
The bolt of poison hits you!
You are lethally poisoned!
* * * LOW HITPOINT WARNING * * *
Fire: 730 arrows
Press: ? - help, Q - select action, (/) - cycle Shift-Dir - straight line, f/p - naga mage
Aim: a naga mage, wielding a +0 flail (almost dead, fast, catching its breath)
You shoot an arrow. The arrow hits the naga mage.
You kill the naga mage!
Makhleb accepts your kill.
Your surroundings suddenly seem different.
* * * LOW HITPOINT WARNING * * *
You feel very sick.
Okay, then.
You are confused.
Your system rejects the healing.
You feel invigorated.
* * * LOW HITPOINT WARNING * * *
You feel very sick.
You bump into the rock wall.
* * * LOW HITPOINT WARNING * * *
You feel very sick.
Really quaff the potion of lignification?
You turn into a tree.
Your scarf of repulsion melds into your body.
Your +2 helmet melds into your body.
The +0 pair of gloves of Idwixtec {Rampage Int+6} melds into your body.
Your +2 pair of boots of flying melds into your body.
The +4 chain mail of Qoleobo {Dex+2} melds into your body.
The haze of the repulsion field disappears.
You float gracefully downwards.
Your roots penetrate the ground.
* * * LOW HITPOINT WARNING * * *
You feel very sick.
You die...

#.. #... #....
#.##. .# ##
#.##.. ..# ...
#.#... ..# #...
#.#...###.##..#
#♣#..........#
#....#.<...#
#....#.....##
#....###....####
#.#### #.......#
#.# ##..###...
#.# ##...# #.#
###.### #...###


There were no monsters in sight!

Vanquished Creatures
  A nagaraja (Snake:3)
  An orc warlord (Orc:1)
  Louise (D:14)
  Aizul (Snake:3)
  Snorg (Lair:4)
  Josephine (Lair:6)
  4 vault guards (D:13)
  5 naga warriors
  9 hydras
  A catoblepas (D:14)
  4 boulder beetles
  Erica (D:14)
  2 ogre magi (D:13)
  10 anacondas
  9 death yaks
  4 centaur warriors
  A two-headed ogre (D:11)
  A tengu warrior (D:15)
  A deep troll earth mage (D:12)
  5 orc high priests (Orc:2)
  6 shock serpents
  A deep elf knight (D:14)
  5 naga sharpshooters
  A soul eater (Orc:2)
  A hell knight (D:14)
  Nergalle (Lair:3)
  A sun demon (Orc:2)
  A salamander mystic (Snake:2)
  The ghost of lasso the Thaumaturge, a novice DECj of Sif Muna (D:9)
  A gelid demonspawn (Orc:2)
  An unseen horror (D:13)
  A torturous demonspawn (Orc:2)
  2 bog bodies (Lair:2)
  3 naga ritualists
  A necromancer (D:15)
  2 wizards (D:15)
  Pikel (D:7)
  A lindwurm (Lair:4)
  7 orc knights
  7 orc sorcerers
  7 mana vipers
  11 ugly things
  2 deep elf magi (D:15)
  A manticore (D:14)
  3 cyclopes
  5 salamanders
  6 naga magi
  An elephant (Lair:2)
  26 black mambas
  6 centaur zombies
  A guardian serpent (Snake:3)
  A cane toad (shapeshifter) (D:8)
  10 centaur skeletons
  2 rime drakes
  29 cane toads
  An orange demon (Orc:2)
  2 yaktaurs (D:13)
  2 hellwings (Orc:2)
  13 komodo dragons
  5 tengu conjurers
  5 trolls
  2 polar bears
  A red devil (Orc:2)
  A hornet (D:11)
  3 tyrant leeches (Lair:6)
  9 slime creatures
  29 blink frogs
  Grinder (D:6)
  4 dream sheep (Lair:6)
  2 centaur simulacra (D:10)
  5 vampires
  Eustachio (D:6)
  2 water elementals (D:11)
  9 wraiths
  A fire bat (D:11)
  72 yaks
  A neqoxec (Orc:2)
  6 wyverns
  11 vampire mosquitoes
  A chaos spawn (Orc:2)
  A human (D:13)
  A steam dragon (D:13)
  2 wargs
  5 basilisks
  Menkaure (D:7)
  A harpy simulacrum (D:15)
  A soldier ant (D:14)
  9 nagas
  2 acid dragons (D:11)
  27 water moccasins
  53 orc warriors
  2 sky beasts
  2 ice beasts (D:7)
  3 black bears
  9 ogres
  10 wolves
  17 centaurs
  A big kobold (D:7)
  Blork the orc (D:5)
  29 bullfrogs
  14 killer bees
  4 howler monkeys
  10 wights
  9 electric eels
  A spectral bullfrog (D:9)
  A wyvern simulacrum (D:10)
  2 bullfrog zombies
  8 hounds
  15 jellies
  20 orc priests
  An iguana (D:7)
  An iron imp (D:2)
  Crazy Yiuf (D:2)
  29 orc wizards
  5 worker ants
  A bullfrog simulacrum (D:10)
  2 human simulacra (D:9)
  A hound skeleton (D:5)
  A worker ant zombie (D:2)
  3 gnolls (D:5)
  25 adders
  4 white imps
  A worker ant simulacrum (D:10)
  5 ufetubi
  13 oozes
  An adder skeleton (D:4)
  5 worms
  A dart slug (D:2)
  3 leopard geckos
  100 orcs
  2 ball pythons
  3 giant cockroaches
  5 hobgoblins
  16 jackals
  2 quokkas
  5 bats
  3 frilled lizards
  11 goblins
  A jackal skeleton (D:8)
  13 kobolds
  2 leopard gecko skeletons
  A quokka zombie (D:9)
  10 rats
  A spectral orc (D:4)
947 creatures vanquished.

Vanquished Creatures (collateral kills)
  The ghost of Nyg Tys the Severer, a journeyman MiBe of Trog (D:12)
1 creature vanquished.

Vanquished Creatures (others)
  A white imp (D:10)
  An orc (D:7)
  43 fungi
  112 plants
157 creatures vanquished.

Grand Total: 1105 creatures vanquished

Notes
Turn   | Place    | Note
-------+----------+-------------------------------------------
     0 | D:1      | EnegeticOcto the Vine Stalker Arcane Marksman began the
                  | quest for the Orb.
     0 | D:1      | Reached XP level 1. HP: 9/9 MP: 3/3
    41 | D:1      | Reached skill level 1 in Fighting
   233 | D:1      | Reached XP level 2. HP: 15/15 MP: 4/4
   240 | D:1      | Reached skill level 2 in Fighting
   516 | D:2      | Reached XP level 3. HP: 9/19 MP: 3/5
   973 | D:2      | Reached skill level 3 in Fighting
  1061 | D:2      | Gained mutation: Your natural rate of healing is unusually
                  | fast. [Vine Stalker growth]
  1061 | D:2      | Reached XP level 4. HP: 24/24 MP: 6/6
  1497 | D:2      | Reached skill level 4 in Fighting
  1524 | D:2      | Found a glowing silver altar of Zin.
  1559 | D:2      | Found a burning altar of Makhleb.
  1575 | D:2      | Reached XP level 5. HP: 21/30 MP: 4/7
  1668 | D:2      | Found a runed translucent door.
  1669 | D:2      | Noticed Crazy Yiuf
  1940 | D:2      | Killed Crazy Yiuf
  2063 | D:2      | Became a worshipper of Makhleb the Destroyer
  2130 | D:3      | Reached skill level 1 in Invocations
  2134 | D:3      | Reached XP level 6. HP: 27/35 MP: 6/8
  2159 | D:3      | Reached skill level 5 in Fighting
  2165 | D:3      | Reached skill level 2 in Invocations
  2291 | D:3      | Reached * piety under Makhleb
  2334 | D:3      | Found a transporter.
  2337 | D:3      | Noticed iamserjio's ghost (weakling GnVM)
  2473 | D:3      | Found a sparkling altar of Nemelex Xobeh.
  2644 | D:3      | You fall into a shaft and drop 1 floor!
  2773 | D:4      | Found a sacrificial altar of Ru.
  2869 | D:4      | Reached skill level 3 in Invocations
  2897 | D:4      | Found a staircase to the Ecumenical Temple.
  3047 | D:4      | Found a shadowy altar of Dithmenos.
  3047 | D:4      | Found a bloodstained altar of Trog.
  3195 | D:4      | Reached skill level 1 in Short Blades
  3621 | D:4      | Found a basalt altar of Yredelemnul.
  3891 | D:3      | Found a transporter.
  3910 | D:3      | Found a glowing golden altar of the Shining One.
  4145 | D:5      | Entered Level 5 of the Dungeon
  4223 | D:5      | Noticed Blork the orc
  4229 | D:5      | Reached XP level 7. HP: 33/39 MP: 8/10
  4232 | D:5      | Killed Blork the orc
  4233 | D:5      | Reached skill level 4 in Invocations
  4351 | D:5      | Reached skill level 5 in Invocations
  4690 | D:5      | Found a white marble altar of Elyvilon.
  4725 | D:5      | Reached ** piety under Makhleb
  4793 | D:5      | Found an ancient bone altar of Kikubaaqudgha.
  4800 | D:5      | Reached skill level 6 in Invocations
  5173 | D:6      | Found a shadowy altar of Dithmenos.
  5196 | D:6      | Noticed Grinder
  5220 | D:6      | Killed Grinder
  5221 | D:6      | Reached skill level 7 in Invocations
  5221 | D:6      | Gained mutation: You have razor-sharp teeth. [Vine Stalker
                  | growth]
  5221 | D:6      | Reached XP level 8. HP: 35/43 MP: 7/14
  5427 | D:6      | Noticed Eustachio
  5437 | D:6      | Killed Eustachio
  5438 | D:6      | Reached skill level 1 in Staves
  5560 | D:6      | Found a hazy altar of Hepliaklqana.
  5644 | D:6      | Reached skill level 2 in Staves
  5644 | D:6      | Reached skill level 8 in Invocations
  5679 | D:6      | Reached skill level 3 in Staves
  5832 | D:7      | Reached skill level 4 in Staves
  5882 | D:7      | Noticed Menkaure
  5886 | D:7      | Killed Menkaure
  5887 | D:7      | Reached XP level 9. HP: 47/47 MP: 16/16
  5893 | D:7      | Reached skill level 5 in Staves
  6000 | D:7      | Found a white marble altar of Elyvilon.
  6013 | D:7      | Found a glowing silver altar of Zin.
  6013 | D:7      | Found a shimmering altar of Xom.
  6015 | D:7      | Found an ancient bone altar of Kikubaaqudgha.
  6015 | D:7      | Found a broken altar of Ashenzari.
  6015 | D:7      | Found a broken altar of Ashenzari.
  6296 | D:7      | Noticed Pikel
  6312 | D:7      | Killed Pikel
  6313 | D:7      | Reached skill level 7 in Staves
  6628 | D:8      | Reached *** piety under Makhleb
  6779 | D:8      | Reached skill level 8 in Staves
  6871 | D:8      | Reached XP level 10. HP: 46/51 MP: 15/17
  6957 | D:8      | Noticed a cane toad
  6957 | D:8      | a shapeshifter changed into a cane toad
  6965 | D:8      | Killed a cane toad
  6966 | D:8      | Reached skill level 9 in Staves
  7425 | D:9      | Found a transporter.
  7425 | D:9      | Noticed lasso's ghost (novice DECj)
  7426 | D:9      | Found a transporter.
  7498 | D:9      | Reached skill level 10 in Staves
  7539 | D:9      | Found a shadowy altar of Dithmenos.
  7653 | D:9      | Noticed a green ugly thing
  7667 | D:9      | Killed a green ugly thing
  7882 | D:9      | Found a staircase to the Orcish Mines.
  7895 | D:9      | Got an ancient plate armour
  7905 | D:9      | Identified the +1 plate armour "Qekies" {+Fly Regen+ Dex+2}
                  | (You found it on level 9 of the Dungeon)
  7924 | D:9      | Found a roughly hewn altar of Beogh.
  7934 | D:9      | Reached **** piety under Makhleb
  8563 | D:10     | Entered Level 10 of the Dungeon
  8659 | D:10     | Reached skill level 11 in Staves
  9000 | D:10     | Reached XP level 11. HP: 48/55 MP: 18/18
  9526 | D:10     | Reached skill level 12 in Staves
  9758 | D:11     | Found Laithre's Assorted Antiques.
  9799 | D:11     | Bought a pair of pitted gloves for 237 gold pieces
  9799 | D:11     | Bought a scroll labelled AGOBEGA DUOBO for 25 gold pieces
  9799 | D:11     | Bought a scroll labelled UCUOHE PUREATO for 25 gold pieces
  9804 | D:11     | Identified the +0 pair of gloves of Idwixtec {Rampage
                  | Int+6} (You bought it in a shop on level 11 of the Dungeon)
  9860 | D:11     | Reached ***** piety under Makhleb
  9940 | D:11     | Found Tuamuof's Assorted Antiques.
  9949 | D:11     | Bought a pair of runed boots for 127 gold pieces
  9980 | D:11     | Reached skill level 13 in Staves
  9983 | D:11     | Noticed a boulder beetle
 10009 | D:11     | Noticed a two-headed ogre
 10025 | D:11     | Killed a two-headed ogre
 10040 | D:11     | Killed a boulder beetle
 10151 | D:11     | Found a staircase to the Lair.
 10166 | D:11     | Reached skill level 14 in Staves
 10170 | D:11     | Noticed Sonja
 10286 | D:11     | Noticed Sonja
 10286 | D:11     | Sonja changed into Sonja the fire bat
 10296 | D:11     | Killed Sonja the fire bat
 10534 | Lair:1   | Entered Level 1 of the Lair of Beasts
 10540 | Lair:1   | Reached skill level 2 in Dodging
 10540 | Lair:1   | Gained mutation: You heal very quickly. [Vine Stalker
                  | growth]
 10540 | Lair:1   | Reached XP level 12. HP: 60/60 MP: 19/19
 10548 | Lair:1   | Reached skill level 1 in Armour
 10553 | Lair:1   | Reached skill level 1 in Evocations
 10571 | Lair:1   | Noticed a five-headed hydra
 10585 | Lair:1   | Killed a five-headed hydra
 10611 | Lair:1   | Reached skill level 2 in Evocations
 10671 | Lair:1   | Reached skill level 2 in Armour
 10719 | Lair:1   | Reached skill level 3 in Evocations
 10778 | Lair:1   | Reached skill level 3 in Dodging
 10942 | Lair:1   | Reached skill level 4 in Evocations
 10943 | Lair:1   | Reached skill level 6 in Fighting
 11422 | Lair:2   | Reached skill level 3 in Armour
 11557 | Lair:2   | Noticed a seven-headed hydra
 11565 | Lair:2   | Killed a seven-headed hydra
 11566 | Lair:2   | Reached skill level 5 in Evocations
 11582 | Lair:2   | Reached skill level 4 in Dodging
 11623 | Lair:2   | Found a staircase to the Swamp.
 11639 | Lair:2   | Reached skill level 4 in Armour
 11743 | Lair:2   | Reached XP level 13. HP: 60/66 MP: 14/20
 11760 | Lair:2   | Reached skill level 7 in Fighting
 12142 | Lair:2   | Reached skill level 5 in Dodging
 12164 | Lair:2   | Reached ****** piety under Makhleb
 12383 | Lair:3   | Found a staircase to the Snake Pit.
 12394 | Lair:3   | Reached skill level 5 in Armour
 12623 | Lair:3   | Noticed Nergalle
 12637 | Lair:3   | Killed Nergalle
 12691 | Lair:3   | Reached skill level 8 in Fighting
 12704 | Lair:3   | Reached skill level 6 in Dodging
 12768 | Lair:3   | Found a basalt altar of Yredelemnul.
 12918 | Lair:3   | Reached skill level 6 in Armour
 13963 | Lair:4   | Noticed Snorg
 13979 | Lair:4   | Killed Snorg
 13980 | Lair:4   | Reached skill level 9 in Fighting
 14070 | Lair:4   | Reached skill level 7 in Dodging
 14070 | Lair:4   | Reached XP level 14. HP: 62/75 MP: 11/21
 14191 | Lair:4   | Reached skill level 7 in Armour
 15476 | Lair:6   | Entered Level 6 of the Lair of Beasts
 15526 | Lair:6   | Reached skill level 8 in Dodging
 15602 | Lair:6   | Reached skill level 10 in Fighting
 15642 | Lair:6   | Reached skill level 8 in Armour
 15960 | Lair:6   | Noticed Josephine
 16072 | Lair:6   | Killed Josephine
 16112 | Lair:6   | Reached XP level 15. HP: 81/81 MP: 22/22
 16195 | Lair:6   | Found a viscous altar of Jiyva.
 16196 | Lair:6   | Found a staircase to the Slime Pits.
 16271 | Lair:6   | Reached skill level 9 in Dodging
 16506 | Lair:6   | Reached skill level 9 in Armour
 16850 | D:12     | Found Hovyu's Distillery.
 16889 | D:12     | Found a flagged portal.
 16902 | Bailey   | Entered a bailey
 17294 | Bailey   | Identified a scroll of acquirement
 17294 | Bailey   | Acquired a +4 spectral lajatang
 17366 | D:12     | Found Tutyaz's Blood Bar.
 17374 | D:12     | Reached skill level 11 in Fighting
 17807 | D:12     | Found a runed translucent door.
 17808 | D:12     | Noticed Nyg Tys's ghost (journeyman MiBe)
 18128 | D:12     | Killed Nyg Tys's ghost
 18135 | D:12     | Got a bound sapphire amulet
 18159 | D:12     | Identified the amulet of Kog Luif {Reflect rElec Will-
                  | Int+4 SH+5} (You found it on level 12 of the Dungeon)
 18763 | D:13     | Found a gate to the Vaults.
 19044 | D:9      | Killed lasso's ghost
 19176 | D:14     | Noticed Louise
 19262 | Orc:1    | Entered Level 1 of the Orcish Mines
 19316 | Orc:1    | Reached skill level 1 in Bows
 19546 | Orc:1    | Reached skill level 2 in Bows
 19762 | Orc:2    | Entered Level 2 of the Orcish Mines
 19762 | Orc:2    | Noticed an orc warlord
 19769 | Orc:1    | Reached skill level 3 in Bows
 19814 | Orc:1    | Killed an orc warlord
 19815 | Orc:1    | Reached skill level 4 in Bows
 19895 | Orc:2    | Found Sopin's Magic Scroll Emporium.
 19910 | Orc:2    | Bought a scroll of acquirement for 624 gold pieces
 20001 | Orc:2    | Reached skill level 5 in Bows
 20236 | Orc:2    | Reached skill level 6 in Bows
 20248 | Orc:2    | Found Uzxush's General Store.
 20253 | Orc:2    | Found Laciy's Distillery.
 20302 | Orc:2    | Gained mutation: You are occasionally teleported next to
                  | monsters. [a neqoxec]
 20308 | Orc:2    | Reached skill level 7 in Bows
 20486 | Orc:2    | Reached skill level 8 in Bows
 20565 | Orc:2    | Reached skill level 9 in Bows
 20568 | Orc:2    | Reached XP level 16. HP: 88/88 MP: 23/23
 20755 | Orc:2    | Reached skill level 10 in Bows
 20781 | Orc:2    | Found Dyn Keoraj's Antique Armour Emporium.
 20781 | Orc:2    | Found Zeuc's Gadget Shoppe.
 20805 | Orc:2    | Found a one-way gate leading to the halls of Pandemonium.
 20809 | Orc:2    | Bought a jewelled chain mail for 237 gold pieces
 20992 | Orc:2    | Found a staircase to the Elven Halls.
 21011 | Orc:2    | Acquired a manual of Dodging
 21136 | D:11     | Bought a scroll of brand weapon for 340 gold pieces
 21136 | D:11     | Bought a small cabochon ring for 85 gold pieces
 21157 | D:11     | Identified the +4 chain mail of Qoleobo {Dex+2} (You bought
                  | it in a shop on level 2 of the Orcish Mines)
 21227 | D:13     | Reached skill level 11 in Bows
 21302 | D:14     | Lost mutation: You are occasionally teleported next to
                  | monsters. [potion of mutation]
 21302 | D:14     | Gained mutation: You have large cloven feet. [potion of
                  | mutation]
 21302 | D:14     | Gained mutation: You tend to lose your temper in combat.
                  | [potion of mutation]
 21302 | D:14     | Gained mutation: You have sharp fingernails. [potion of
                  | mutation]
 21497 | D:14     | Acquired 821 gold pieces
 21659 | D:14     | Reached skill level 12 in Bows
 21797 | D:14     | Noticed Erica
 21809 | D:14     | Killed Erica
 21822 | D:14     | Killed Louise
 22384 | D:15     | Entered Level 15 of the Dungeon
 22652 | D:15     | Reached skill level 13 in Bows
 22925 | D:15     | Found a staircase to the Depths.
 23626 | Snake:1  | Entered Level 1 of the Snake Pit
 23739 | Snake:1  | Reached skill level 14 in Bows
 24071 | Snake:1  | Reached XP level 17. HP: 67/91 MP: 16/24
 24472 | Snake:1  | Reached skill level 15 in Bows
 25482 | Snake:2  | Acquired 532 gold pieces
 25720 | Snake:3  | Noticed Aizul
 25732 | Snake:3  | Killed Aizul
 25733 | Snake:3  | Reached skill level 16 in Bows
 25754 | Snake:3  | HP: 3/91 [poisoned by a naga mage (bolt of poison)]
 25756 | Snake:3  | Succumbed to a naga mage's bolt of poison

Illustrated notes

Levels and vault maps discovered:
D:1:      minmay_arrival_loop, layout_rooms
D:2:      layout_loops_ring, general_overflow_altar, makhleb_grotto_becter,
          nicolae_underground_beach, uniq_crazy_yiuf_cottage
D:3:      layout_basic, lemuel_round_altar, lemuel_crystal_altar,
          gammafunk_ghost_arena
D:4:      layout_layer_cave, nicolae_ru_awakened_eye,
          amethyst_overflow_temple_binary, yredelemnul_forgotten_temple_becter,
          temple_doors_e
D:5:      layout_loops_corners, kennysheep_little_box,
          chequers_serial_rivers_large_a, elyvilon_altar_1, uniq_blork_the_orc
D:6:      layout_rooms, nzn_hepliaklqana_mist_gate, serial_curves,
          eino_curves_02, eino_curves_03, minmay_misc_feat_more_columns,
          grunt_dithmenos_smoke_and_mirrors, uniq_eustachio, uniq_grinder
D:7:      layout_loops_ring, st_stairs_5, doesnt_xom_only_xom, uniq_pikel,
          uniq_menkaure
D:8:      layout_cave_pools
D:9:      layout_small_grid, minmay_orc_entry_temple_small,
          gammafunk_ghost_mausoleum, basic_altar, bh_circular_ruins
D:10:     layout_loops_ring, serial_ice, serial_ice_h, serial_ice_i,
          serial_ice_o, serial_ice_b, serial_ice_m, serial_ice_g,
          kennysheep_generic_room_16
D:11:     layout_cave_pools, erik_lair_island, serial_shops, nicolae_shop_trees,
          shop, uniq_sonja
D:12:     layout_stronghold, serial_shops, kennysheep_mini_moat, enter_bailey_5,
          ebering_ghost_inner_flame, guppyfry_shop_blood
D:13:     layout_rooms, grunt_vaults_entry_fortified, hangedman_decor_lopped
D:14:     layout_cave_pods, minmay_fountain_box, sword_in_stone
D:15:     grunt_enter_depths_magical_seal, layout_rooms, interstate_on_off
Lair:1:   lemuel_slime, layout_gridlike, beast_lair_carwin_3
Lair:2:   layout_chaotic_city, skrybe_swamp_entry_bodies, wad_woods_river_01,
          minmay_lair_oklob_chamber
Lair:3:   layout_roguey, minmay_snake_entry_six_corridors,
          chequers_serial_rivers_small_a, chequers_serial_rivers_large_b,
          amcnicky_altar_gilded, uniq_nergalle
Lair:4:   layout_regular_city, beast_lair_carwin_6, grunt_megastairs_1,
          lemuel_fruit_fields, uniq_snorg
Lair:5:   layout_concentric_octagons, serial_forest,
          infiniplex_forest_clump_diagonal, infiniplex_forest_end_2,
          infiniplex_forest_lined_2, infiniplex_forest_lined_1,
          infiniplex_forest_clump_small, infiniplex_forest_lined_corner,
          infiniplex_forest_lined_3, infiniplex_forest_clump_tiny,
          infiniplex_staircase_pool_2
Lair:6:   minmay_lair_end_frog_pond, layout_misc_corridors,
          dpeg_slime_entry_enclosed_altar, uniq_josephine
Snake:1:  layout_misc_corridors, grunt_megastairs_3
Snake:2:  layout_cave_shapes, hangedman_snake_thin_pillar_pass
Snake:3:  layout_misc_corridors, uniq_aizul
Orc:1:    layout_caves, rock_pile
Orc:2:    pf_orc_diabolical, layout_diamond_mine, serial_shops,
          nicolae_shop_waterfront, guppyfry_library_mini

Skill      XL: |  1  2  3  4  5  6  7  8  9 10 11 12 13 14 15 16 17 |
---------------+----------------------------------------------------+-----
Fighting       | 1 2 3 4 5 6 9 10 11 | 11.5
Invocations    | 1 3 7 8 |  8.0
Short Blades   | 1 |  1.0
Staves         | 4 8 11 14 | 14.0
Dodging        | 2 4 7 8 9 |  9.8
Armour         | 4 6 8 9 |  9.7
Evocations     | 5 |  5.0
Bows           | 9 14 16 | 16.2
Slings         | |  1.7
Spellcasting   | |  1.1
Hexes          | |  3.0

Action                   |  1- 3 |  4- 6 |  7- 9 | 10-12 | 13-15 | 16-18 || total
-------------------------+-------+-------+-------+-------+-------+-------++-------
Melee: Quarterstaff      |       |   124 |   220 |   665 |   990 |       ||  1999
       Bite              |       |    28 |    65 |   235 |   550 |    22 ||   900
       Short sword       |       |    34 |       |       |       |       ||    34
       Lajatang          |       |       |       |       |   488 |    57 ||   545
 Fire: Hunting sling     |    89 |    95 |       |       |       |       ||   184
       Longbow           |       |       |       |       |       |   773 ||   773
Throw: Dart              |       |       |       |       |     4 |       ||     4
Invok: Minor Destruction |       |       |    15 |     2 |    17 |       ||    34
       Greater Servant o |       |       |       |       |     1 |       ||     1
       Lesser Servant of |       |       |       |       |       |     2 ||     2
Evoke: Wand              |       |       |     2 |    22 |     1 |       ||    25
       Tin of tremorston |       |       |       |       |     2 |     2 ||     4
       Condenser vane    |       |       |       |       |       |     1 ||     1
  Use: Scroll            |     4 |     1 |    11 |    11 |     4 |    18 ||    49
       Potion            |       |       |       |       |     1 |     4 ||     5
 Stab: Petrified         |       |     2 |       |       |       |       ||     2
       Paralysed         |       |       |     5 |       |       |       ||     5
       Petrifying        |       |       |     1 |       |       |       ||     1
       Confused          |       |       |       |     2 |       |       ||     2
       Distracted        |       |       |       |       |     1 |     1 ||     2
Armor: Robe              |     7 |     5 |       |       |       |       ||    12
       Scale mail        |       |    87 |   105 |    16 |       |       ||   208
       Plate armour      |       |       |       |   250 |   445 |    11 ||   706
       Chain mail        |       |       |       |       |       |   168 ||   168
Dodge: Dodged            |    36 |   140 |   135 |   268 |   662 |   320 ||  1561
       Repelled          |       |       |       |       |     4 |    15 ||    19
Block: Other             |     5 |    64 |    61 |   136 |   241 |   106 ||   613
       Reflection        |       |     3 |       |     3 |    14 |     9 ||    29
